AoeStats
← 肥肠拌面

Arena

510261523Analyzed
4v4 RM · 1d ago on Sep 30, 2026· 36m 15s· 8 players
Game mode
Random Map
Map size
Large (8 player)
Population
200
Speed
Normal
Resources
Standard
Victory
Conquest
Starting age
Dark Age
Ending age
Imperial Age
RankedLock teamsTeams togetherTeam positionsShared explorationLock speedFull tech treeHidden civsTurbo modeCheats
Victory
Defeat
🇧🇬 Bulgarians · Bulgaria
1053
+14
🇨🇳 Teutons · China
1027
+15
🇨🇳 Persians · China
1022
+15
🇨🇳 Mongols · China
953
+17
🇩🇪 Huns · Germany
1002
-16
🇮🇱 Lithuanians · Israel
1000
-45
🇨🇳 Celts · China
998
-15
🇹🇼 Franks · Taiwan
997
-15
肥肠拌面
11:27 Feudal Age
14:57 Castle Age
12:59 Double-Bit Axe
14:27 Horse Collar
16:38 Scale Mail Armor
19:04 Bow Saw
32:04 Chain Mail Armor
34:45 Heavy Plow
2026
yahavmoadv
littledragon
11:00 Feudal Age
11:53 Double-Bit Axe
17:18 Castle Age
18:32 Bow Saw
19:48 Husbandry
21:31 Scale Barding Armor
23:01 Padded Archer Armor
23:55 Forging
24:07 Fletching
26:15 Chain Barding Armor
26:23 Bodkin Arrow
28:24 Iron Casting
28:46 Murder Holes
30:21 Wheelbarrow
32:26 Imperial Age
30:32 Herbal Medicine
32:55 Leather Archer Armor
32:52 Cavalier
36:01 Plate Barding Armor
36:46 Blast Furnace
178296399
10:06 Feudal Age
14:57 Castle Age
13:33 Double-Bit Axe
13:38 Horse Collar
23:08 Loom
juju9292
8:25 Loom
10:28 Feudal Age
14:50 Castle Age
13:00 Double-Bit Axe
13:28 Horse Collar
17:27 Bow Saw
24:14 Wheelbarrow
24:02 Heavy Plow
25:53 Hand Cart
30:12 Imperial Age
28:12 Town Watch
28:21 Stone Mining
28:21 Gold Mining
30:00 Bloodlines
29:58 Scale Barding Armor
30:49 Stone Shaft Mining
30:28 Cavalier
31:30 Chain Barding Armor
31:23 Forging
31:43 Fortified Wall
31:44 Masonry
32:30 Plate Barding Armor
32:32 Iron Casting
32:46 Conscription
33:50 Blast Furnace
34:06 Two-Man Saw
33:41 Crop Rotation
33:23 Paladin
35:28 Fletching
novko
3:20 Loom
10:32 Feudal Age
16:19 Castle Age
14:36 Double-Bit Axe
15:06 Horse Collar
15:47 Gold Mining
16:56 Wheelbarrow
17:12 Wheelbarrow
18:43 Hand Cart
21:29 Forging
21:25 Scale Barding Armor
23:23 Pikeman
25:24 Gold Shaft Mining
25:13 Squires
28:47 Gambesons
30:05 Heavy Plow
36:01 Imperial Age
812508893
10:13 Feudal Age
10:48 Double-Bit Axe
14:16 Castle Age
13:58 Horse Collar
16:00 Bow Saw
17:03 Heavy Plow
23:12 Wheelbarrow
22:33 Gold Mining
22:33 Stone Mining
24:17 Gold Shaft Mining
25:07 Hand Cart
30:35 Imperial Age
28:20 Husbandry
28:32 Bloodlines
30:08 Scale Barding Armor
30:14 Forging
35:16 Iron Casting
35:01 Chain Barding Armor
37:42 Blast Furnace
Connection lost

Rejoining the realm…

Still unreachable

The connection could not be restored.

Session expired

The server has moved on; the page needs a fresh start.